NCAA
PURDUE BOILERMAKERS @ NEBRASKA CORNHUSKERS
05/14/2029
 
TOP OF THE 1ST
Purdue Boilermakers batting - Pitching for Nebraska Cornhuskers : RHP Álex Días
Pitching: RHP Álex Días
Batting: LHB Harry Hamilton 0-0: Ball
1-0: Foul Ball, location: 2F
1-1: Ground out 4-3 (Groundball, 34)
Batting: SHB Bryan Atkins 0-0: Fly out, F8 (Flyball, 8LM)
Batting: RHB Rafael Castro 0-0: Called Strike
0-1: Called Strike
0-2: Foul Ball, location: 2F
0-2: Ball
1-2: Ground out 5-3 (Groundball, 5)
Top of the 1st over - 0 runs, 0 hits, 0 errors, 0 left on base; Purdue 0 - Nebraska 0
BOTTOM OF THE 1ST
Nebraska Cornhuskers batting - Pitching for Purdue Boilermakers : RHP Joel Ortega
Pitching: RHP Joel Ortega
Batting: RHB Ronald Hodge 0-0: Ball
1-0: Foul Ball, location: 2F
1-1: Ball
2-1: Ball
3-1: Base on Balls
Batting: RHB António Cruz 0-0: Foul Ball, location: 2F
0-1: Ball
1-1: Ball
2-1: Ball
3-1: Foul Ball, location: 2F
3-2: Strikes out swinging
Ronald Hodge steals 2nd base
Batter strikes out.
Batting: LHB Luis García 0-0: Ball
1-0: Called Strike
1-1: Ball
2-1: Ball
3-1: Base on Balls
Batting: LHB Wes Britton 0-0: Ball
1-0: Called Strike
Ronald Hodge steals 3rd base
Luis García to second
1-1: Foul Ball, location: 2F
1-2: Ground out 4-3 (Groundball, 4)
Ronald Hodge scores
Luis García to third
Batting: SHB David Stanley 0-0: Called Strike
0-1: Ball
1-1: Foul Ball, location: 2F
1-2: Strikes out swinging
Bottom of the 1st over - 1 run, 0 hits, 0 errors, 1 left on base; Purdue 0 - Nebraska 1
TOP OF THE 2ND
Purdue Boilermakers batting - Pitching for Nebraska Cornhuskers : RHP Álex Días
Batting: RHB Mark Jackson 0-0: Called Strike
0-1: Ball
1-1: Called Strike
1-2: Ball
2-2: Strikes out swinging
Batting: RHB Mark Jordan 0-0: Called Strike
0-1: Ball
1-1: Ball
2-1: Foul Ball, location: 2F
2-2: Ball
3-2: Foul Ball, location: 2F
3-2: Base on Balls
Batting: RHB Aaron Baker 0-0: Called Strike
0-1: Ball
1-1: Ground out 3-1 (Groundball, 34)
Mark Jordan to second
Batting: RHB Lee Justice 0-0: Called Strike
0-1: Ball
1-1: Called Strike
1-2: Foul Ball, location: 2F
1-2: Foul Ball, location: 2F
1-2: Ball
2-2: Ground out 6-3 (Groundball, 6M)
Top of the 2nd over - 0 runs, 0 hits, 0 errors, 1 left on base; Purdue 0 - Nebraska 1
BOTTOM OF THE 2ND
Nebraska Cornhuskers batting - Pitching for Purdue Boilermakers : RHP Joel Ortega
Batting: RHB John Carr 0-0: Ball
1-0: Called Strike
1-1: Fly out, F9 (Flyball, 89S)
Batting: LHB Edmund Bilbrey 0-0: Ball
1-0: Called Strike
1-1: Ball
2-1: Fly out, F5 (Line Drive, 56)
Batting: RHB Guy Bullard 0-0: Swinging Strike
0-1: Swinging Strike
0-2: DOUBLE (Line Drive, 9LM)
Batting: SHB Conner Whitney 0-0: Swinging Strike
0-1: Ball
1-1: Ball
2-1: Called Strike
2-2: Fly out, F9 (Flyball, 9LD)
Bottom of the 2nd over - 0 runs, 1 hit, 0 errors, 1 left on base; Purdue 0 - Nebraska 1
TOP OF THE 3RD
Purdue Boilermakers batting - Pitching for Nebraska Cornhuskers : RHP Álex Días
Batting: RHB Enrique Benítez 0-0: Called Strike
0-1: Foul Ball, location: 2F
0-2: Hit by Pitch
Batting: RHB Dan Osborne 0-0: Ball
1-0: Ball
2-0: Foul Ball, location: 2F
2-1: Grounds into double play, 5-4-3 (Groundball, 56)
Batting: LHB Harry Hamilton 0-0: Called Strike
0-1: Called Strike
0-2: Strikes out swinging
Top of the 3rd over - 0 runs, 0 hits, 0 errors, 0 left on base; Purdue 0 - Nebraska 1
BOTTOM OF THE 3RD
Nebraska Cornhuskers batting - Pitching for Purdue Boilermakers : RHP Joel Ortega
Batting: RHB Ronald Hodge 0-0: Ball
1-0: Called Strike
1-1: Ball
2-1: Ball
3-1: Base on Balls
Batting: RHB António Cruz 0-0: Ball
1-0: Called Strike
1-1: Foul Ball, location: 2F
1-2: Ball
2-2: 2-RUN HOME RUN (Flyball, 7LD), Distance : 320 ft
Batting: LHB Luis García 0-0: Ball
1-0: Called Strike
1-1: Called Strike
1-2: Strikes out swinging
Batting: LHB Wes Britton 0-0: Called Strike
0-1: Ball
1-1: Ball
2-1: Swinging Strike
2-2: Foul Ball, location: 2F
2-2: Ball
3-2: Strikes out looking
Batting: SHB David Stanley 0-0: Ball
1-0: Swinging Strike
1-1: Foul Ball, location: 2F
1-2: Ball
2-2: Fly out, F9 (Flyball, 9)
Bottom of the 3rd over - 2 runs, 1 hit, 0 errors, 0 left on base; Purdue 0 - Nebraska 3
TOP OF THE 4TH
Purdue Boilermakers batting - Pitching for Nebraska Cornhuskers : RHP Álex Días
Batting: SHB Bryan Atkins 0-0: Called Strike
0-1: Swinging Strike
0-2: Fly out, F7 (Flyball, 7LSF)
Batting: RHB Rafael Castro 0-0: Foul Ball, location: 2F
0-1: Ball
1-1: Swinging Strike
1-2: Ball
2-2: Ball
3-2: Strikes out looking
Batting: RHB Mark Jackson 0-0: Foul Ball, location: 2F
0-1: Ground out 5-3 (Groundball, 25)
Top of the 4th over - 0 runs, 0 hits, 0 errors, 0 left on base; Purdue 0 - Nebraska 3
BOTTOM OF THE 4TH
Nebraska Cornhuskers batting - Pitching for Purdue Boilermakers : RHP Joel Ortega
Batting: RHB John Carr 0-0: Swinging Strike
0-1: Fly out, F8 (Flyball, 89D)
Batting: LHB Edmund Bilbrey 0-0: Fly out, F7 (Line Drive, 78S)
Batting: RHB Guy Bullard 0-0: Called Strike
0-1: Fly out, F7 (Line Drive, 7S)
Bottom of the 4th over - 0 runs, 0 hits, 0 errors, 0 left on base; Purdue 0 - Nebraska 3
TOP OF THE 5TH
Purdue Boilermakers batting - Pitching for Nebraska Cornhuskers : RHP Álex Días
Batting: RHB Mark Jordan 0-0: Called Strike
0-1: Swinging Strike
0-2: Ball
1-2: Fly out, F4 (Popup, 4M)
Batting: RHB Aaron Baker 0-0: Called Strike
0-1: Ball
1-1: Ground out 6-3 (Groundball, 6S)
Batting: RHB Lee Justice 0-0: Ball
1-0: Ball
2-0: Ball
3-0: Called Strike
3-1: Called Strike
3-2: Base on Balls
Batting: RHB Enrique Benítez 0-0: Called Strike
Lee Justice steals 2nd base
0-1: Called Strike
0-2: Foul Ball, location: 2F
0-2: Ball
1-2: Foul Ball, location: 2F
1-2: Ball
2-2: Ball
3-2: Strikes out swinging
Top of the 5th over - 0 runs, 0 hits, 0 errors, 1 left on base; Purdue 0 - Nebraska 3
BOTTOM OF THE 5TH
Nebraska Cornhuskers batting - Pitching for Purdue Boilermakers : RHP Joel Ortega
Batting: SHB Conner Whitney 0-0: Ball
1-0: Foul Ball, location: 2F
1-1: SINGLE (Line Drive, 34D)
Batting: RHB Ronald Hodge 0-0: Grounds into double play, 6-4-3 (Groundball, 6)
Batting: RHB António Cruz 0-0: Called Strike
0-1: Ball
1-1: Ball
2-1: Ground out 5-3 (Groundball, 56S)
Bottom of the 5th over - 0 runs, 1 hit, 0 errors, 0 left on base; Purdue 0 - Nebraska 3
TOP OF THE 6TH
Purdue Boilermakers batting - Pitching for Nebraska Cornhuskers : RHP Álex Días
Batting: RHB Dan Osborne 0-0: Called Strike
0-1: Ball
1-1: Called Strike
1-2: Foul Ball, location: 2F
1-2: Ball
2-2: Ground out 3-1 (Groundball, 34S)
Batting: LHB Harry Hamilton 0-0: Swinging Strike
0-1: Ball
1-1: Ball
2-1: Foul Ball, location: 2F
2-2: Ball
3-2: Ground out 6-3 (Groundball, 6M)
Batting: SHB Bryan Atkins 0-0: Swinging Strike
0-1: Swinging Strike
0-2: Ball
1-2: Strikes out looking
Top of the 6th over - 0 runs, 0 hits, 0 errors, 0 left on base; Purdue 0 - Nebraska 3
BOTTOM OF THE 6TH
Nebraska Cornhuskers batting - Pitching for Purdue Boilermakers : RHP Joel Ortega
Batting: LHB Luis García 0-0: Called Strike
0-1: Ball
1-1: Ball
2-1: Fly out, F9 (Flyball, 89D)
Pitching: RHP Todd Jackson
Batting: LHB Wes Britton 0-0: Ball
1-0: Ball
2-0: Ball
3-0: Called Strike
3-1: Base on Balls
Batting: SHB David Stanley 0-0: Foul Ball, location: 2F
0-1: SINGLE (Groundball, 34S) (infield hit)
Wes Britton to second
Batting: RHB John Carr 0-0: Called Strike
0-1: Foul Ball, location: 2F
0-2: Ball
1-2: Strikes out looking
Batting: LHB Edmund Bilbrey 0-0: Called Strike
0-1: Called Strike
0-2: Ball
1-2: Foul Ball, location: 2F
1-2: Foul Ball, location: 2F
1-2: Strikes out swinging
Bottom of the 6th over - 0 runs, 1 hit, 0 errors, 2 left on base; Purdue 0 - Nebraska 3
TOP OF THE 7TH
Purdue Boilermakers batting - Pitching for Nebraska Cornhuskers : RHP Álex Días
Batting: RHB Rafael Castro 0-0: Ball
1-0: Ball
2-0: Foul Ball, location: 2F
2-1: Ball
3-1: Foul Ball, location: 2F
3-2: Strikes out swinging
Batting: RHB Mark Jackson 0-0: Fly out, F5 (Popup, 56S)
Batting: RHB Mark Jordan 0-0: Ball
1-0: SINGLE (Flyball, 78S)
Pitching: RHP Rick James
Batting: RHB Aaron Baker 0-0: Foul Ball, location: 2F
0-1: Swinging Strike
0-2: Ball
1-2: Ball
Wild Pitch!
Mark Jordan to second
2-2: Strikes out swinging
Top of the 7th over - 0 runs, 1 hit, 0 errors, 1 left on base; Purdue 0 - Nebraska 3
BOTTOM OF THE 7TH
Nebraska Cornhuskers batting - Pitching for Purdue Boilermakers : RHP Todd Jackson
Batting: RHB Guy Bullard 0-0: Swinging Strike
0-1: Called Strike
0-2: Ball
1-2: Strikes out swinging
Batting: SHB Conner Whitney 0-0: Ball
1-0: Ball
2-0: Foul Ball, location: 2F
2-1: Ball
3-1: Base on Balls
Batting: RHB Ronald Hodge 0-0: Called Strike
0-1: Ball
Wild Pitch!
Conner Whitney to second
1-1: Ball
2-1: Ball
3-1: Base on Balls
Batting: RHB António Cruz 0-0: Ball
1-0: Swinging Strike
1-1: Swinging Strike
1-2: Fly out, F4 (Line Drive, 4)
Batting: LHB Luis García 0-0: Fly out, F4 (Popup, 34D)
Bottom of the 7th over - 0 runs, 0 hits, 0 errors, 2 left on base; Purdue 0 - Nebraska 3
TOP OF THE 8TH
Purdue Boilermakers batting - Pitching for Nebraska Cornhuskers : RHP Rick James
Now at C: Scott Perkins
Batting: RHB Lee Justice 0-0: Ball
1-0: Foul Ball, location: 2F
1-1: Ball
2-1: Ball
3-1: Bunted foul
3-2: SINGLE (Flyball, 8LS)
Batting: RHB Enrique Benítez 0-0: Foul Ball, location: 2F
0-1: Ball
1-1: Called Strike
1-2: Strikes out swinging
Batting: RHB Dan Osborne 0-0: Swinging Strike
0-1: Ball
1-1: Ball
2-1: Fly out, F9 (Flyball, 9)
Batting: LHB Harry Hamilton 0-0: Called Strike
0-1: Ball
1-1: Ball
2-1: Foul Ball, location: 2F
2-2: Foul Ball, location: 2F
2-2: SINGLE (Groundball, 4MD)
Lee Justice to second
Batting: SHB Bryan Atkins 0-0: Swinging Strike
0-1: Swinging Strike
0-2: Ball
1-2: Ball
2-2: Ball
3-2: Strikes out swinging
Top of the 8th over - 0 runs, 2 hits, 0 errors, 2 left on base; Purdue 0 - Nebraska 3
BOTTOM OF THE 8TH
Nebraska Cornhuskers batting - Pitching for Purdue Boilermakers : RHP Todd Jackson
Batting: LHB Wes Britton 0-0: Ball
1-0: Foul Ball, location: 2F
1-1: Fly out, F9 (Flyball, 9S)
Batting: SHB David Stanley 0-0: Called Strike
0-1: Swinging Strike
0-2: Ball
1-2: Ball
2-2: Strikes out looking
Batting: RHB John Carr 0-0: Ball
1-0: Ball
2-0: Ball
3-0: Base on Balls
Batting: LHB Edmund Bilbrey 0-0: Ground out U3 (Groundball, 3L)
Bottom of the 8th over - 0 runs, 0 hits, 0 errors, 1 left on base; Purdue 0 - Nebraska 3
TOP OF THE 9TH
Purdue Boilermakers batting - Pitching for Nebraska Cornhuskers : RHP Rick James
Pitching: RHP José Carmona
Batting: RHB Rafael Castro 0-0: Fly out, F9 (Flyball, 9LS)
Batting: RHB Mark Jackson 0-0: Swinging Strike
0-1: Fly out, F8 (Flyball, 8RD)
Batting: RHB Mark Jordan 0-0: Foul Ball, location: 2F
0-1: Ball
1-1: Fly out, F9 (Flyball, 9S)
Top of the 9th over - 0 runs, 0 hits, 0 errors, 0 left on base; Purdue 0 - Nebraska 3
Saturday, December 16th, 2017 - OOTP Baseball 18.8 Build 76